 Dungeon Crawl Stone Soup version 0.20.0-15-g7f486f2 (webtiles) character file.

108 panicbit the Shield-Bearer (level 4, -12/40 HPs)
             Began as a Minotaur Fighter on June 27, 2017.
             Splashed by Ijyb's acid (13 damage)
             ... on level 3 of the Dungeon.
             The game lasted 00:03:46 (1875 turns).

panicbit the Shield-Bearer (Minotaur Fighter)       Turns: 1875, Time: 00:03:47

Health: -12/40     AC:  7    Str: 22    XL:     4   Next: 58%
Magic:  3/3        EV:  7    Int:  5    God:
Gold:   90         SH:  9    Dex:  9    Spells: 3/3 levels left

rFire    . . .     SeeInvis .   a - +0 war axe
rCold    . . .     Gourm    .   c - +0 shield
rNeg     . . .     Faith    .   b - +0 scale mail
rPois    .         Spirit   .   (helmet restricted)
rElec    .         Reflect  .   (no cloak)
rCorr    .         Harm     .   (no gloves)
MR       .....                  (no boots)
Stlth    ..........             (no amulet)
Regen    0.2/turn               (no ring)
MPRegen  0.1/turn               (no ring)

@: no status effects
A: retaliatory headbutt, horns 2
a: no special abilities


You were on level 3 of the Dungeon.
You were not hungry.

You visited 1 branch of the dungeon, and saw 3 of its levels.

You collected 90 gold pieces.

Inventory:

Hand Weapons
 a - a +0 war axe (weapon)
Armour
 b - a +0 scale mail (worn)
 c - a +0 shield (worn)
Scrolls
 i - 3 scrolls of amnesia {unknown}
 j - 3 scrolls of identify {unknown}
 k - a scroll of blinking {unknown}
 n - a scroll of magic mapping {unknown}
Potions
 d - a potion of might
 e - 3 potions of heal wounds {unknown}
 h - a potion of agility {unknown}
 l - a potion of degeneration {unknown}
 m - 2 potions of berserk rage {unknown}
 o - a potion of cancellation {unknown}
 p - a potion of lignification {unknown}
Comestibles
 f - 3 bread rations


   Skills:
 + Level 4.2 Fighting
 + Level 3.8 Axes
 + Level 4.4 Armour
 + Level 0.4 Dodging
 + Level 4.5 Shields


You had 3 spell levels left.
You didn't know any spells.

Dungeon Overview and Level Annotations

Branches:
Dungeon (3/15)

Altars:
Yredelemnul

Annotations:
D:3 Ijyb


Innate Abilities, Weirdness & Mutations

You reflexively headbutt those who attack you in melee.
You have a pair of horns on your head.


Message History

You kill the goblin!
Found a bread ration.
Things that are here:
an enchanted dagger; a goblin corpse You barely miss Ijyb.
You block Ijyb's attack.
Ijyb zaps a wand.
The bolt of acid misses you.
It is a wand of acid (?/15).
You hit Ijyb.
Ijyb is lightly wounded.
Ijyb barely misses you.
You hit Ijyb but do no damage. You headbutt Ijyb!
Ijyb is heavily wounded.
Ijyb zaps a wand.
The bolt of acid hits you!
You are splashed with acid!
The acid burns!
* * * LOW HITPOINT WARNING * * *
You barely miss Ijyb.
Ijyb is heavily wounded.
You block Ijyb's attack.
Ijyb zaps a wand.
The bolt of acid hits you!
* * * LOW HITPOINT WARNING * * *
You are splashed with acid!
The acid burns!
You die...

###.#....#.#......###
#..#.
........##.#........#
#..#. ........##
#####....# #..#.
........# #....#
#..#. ........#
#....# #....
........# #....#
#.#.. ........#
#....# #.#..
........# #.####
#.#.. ........# #@#
#.#.. ........#
#g8g8.8.8 #....
###.....# gg.g.....
###.. #.....#
#..g...... ...>
.......... ###.
........... #.
..........% #.
.....8.8.8.8 #. ##


You could see Ijyb and 5 goblins.

Vanquished Creatures
  An orc wizard (D:3)
  2 adders (D:2)
  An ooze (D:1)
  A dart slug (D:1)
  3 leopard geckos
  4 orcs (D:3)
  4 giant cockroaches
  12 goblins
  5 hobgoblins
  A quokka (D:2)
  6 bats
  2 frilled lizards
  3 kobolds
  4 rats
  A spectral orc (D:2)
50 creatures vanquished.

Notes
Turn   | Place    | Note
-------+----------+-------------------------------------------
     0 | D:1      | panicbit the Minotaur Fighter began the quest for the Orb.
     0 | D:1      | Reached XP level 1. HP: 19/19 MP: 0/0
    98 | D:1      | Reached XP level 2. HP: 27/27 MP: 1/1
   400 | D:1      | Reached XP level 3. HP: 26/33 MP: 2/2
   661 | D:2      | Found a basalt altar of Yredelemnul.
  1311 | D:2      | Reached XP level 4. HP: 40/40 MP: 3/3
  1865 | D:3      | Noticed Ijyb
  1875 | D:3      | HP: 1/40 [Ijyb/wand of acid (?/15) (8)]
  1875 | D:3      | Splashed by Ijyb's acid

Skill      XL: |  1  2  3 |
---------------+----------+-----
Shields        | 4 |  4.5
Fighting       | 4 |  4.2
Armour         | 4 |  4.4
Axes           | 3 |  3.8
Dodging        | |  0.4

Action                   |  1- 3 |  4- 6 || total
-------------------------+-------+-------++-------
Melee: War axe           |    86 |    49 ||   135
       Headbutt          |    11 |     5 ||    16
  Eat: Chunk             |     1 |     2 ||     3
Armor: Scale mail        |    46 |    21 ||    67
Dodge: Dodged            |    20 |     8 ||    28
Block: Shield            |    43 |    12 ||    55
